 Dungeon Crawl Stone Soup version 0.32-a0-818-gb728d0252e (webtiles) character file.

Game seed: 1037652575430926847

90 smashvw the Changeling (level 4, -2/48 HPs)
             Began as a Djinni Shapeshifter on Mar 23, 2024.
             Slain by Sigmund
             ... wielding a +0 scythe
              (9 damage)
             ... on level 3 of the Dungeon.
             The game lasted 00:04:59 (2292 turns).

smashvw the Changeling (Djinni Shapeshifter)        Turns: 2292, Time: 00:04:59

Health: -2/48      AC: 22    Str: 15    XL:     4   Next: 85%
Gold:   72         EV:  2    Int: 11    God:
                   SH:  3    Dex: 13

rFire   . . .        l - +2 mace (protect)
rCold   + . .        o - +0 buckler
rNeg    . . .        a - melded +0 animal skin
rPois   ∞            (helmet currently unavailable)
rElec   .            (cloak currently unavailable)
rCorr   .            (gloves currently unavailable)
SInv    .            (boots unavailable)
Will    .....        (no amulet)
Stlth   +            q - ring of protection from cold
HPRegen 0.28/turn    (no ring)
MPRegen 0.00/turn

%: infuse magic (-3 HP)
@: tree-form
A: stationary, stasis, torment immunity, boosted hp, sickness immunity, (fire
resistance 2), (cold vulnerability 1), float, innate caster, HP casting, extra
vitality 1
a: no special abilities


You were on level 3 of the Dungeon.
You were a tree.
You visited 1 branch of the dungeon, and saw 3 of its levels.

You collected 72 gold pieces.

Inventory:

Hand Weapons
 l - a +2 mace of protection (weapon)
Armour
 a - a +0 animal skin (melded)
 k - a +0 chain mail
 o - a +0 buckler (worn)
Jewellery
 q - a ring of protection from cold (left branch)
Talismans
 c - a beast talisman (active)
 d - a flux talisman
Wands
 i - a wand of light (5)
Scrolls
 e - 3 scrolls of teleportation {unknown}
 g - a scroll of poison {unknown}
 h - 3 scrolls of identify {unknown}
 j - a scroll of amnesia {unknown}
 n - a scroll of revelation {unknown}
 p - 2 scrolls of fog {unknown}
Potions
 b - 2 potions of lignification
 f - a potion of curing {unknown}
 m - a potion of mutation {unknown}
 r - 2 potions of might {unknown}
 s - a potion of magic {unknown}


   Skills:
 - Level 1.0 Fighting
 - Level 2.1 Dodging
 - Level 3.0 Unarmed Combat
 + Level 4.4 Shapeshifting


You knew the following spells:

 Your Spells              Type           Power      Damage    Failure   Level
a - Freeze                Ice            0%         1d3       43%         1
Your spell library was empty.

Dungeon Overview and Level Annotations

Branches:
Dungeon (3/15)

Altars:

Annotations:
D:3 Sigmund


Innate Abilities, Weirdness & Mutations

You are a tree.
Your roots penetrate the ground, keeping you stationary.
You cannot be teleported.
You are immune to unholy pain and torment.
Your maximum health is greatly increased.
Your equipment is partially melded.
You are immune to sickness and miasma.
You are immune to poison.
((Your flesh is very heat resistant. (rF++)))
((You are vulnerable to cold. (rC-)))
You float through the air rather than walking.
You learn spells naturally, not from books.
Your magical power is your life essence.
You have superior vitality. (+4 MHP)


Message History

Something hits you!
You continue putting on your +0 buckler.
Something hits you!
* * * LOW HITPOINT WARNING * * *
You continue putting on your +0 buckler. x2
Something hits you.
* * * LOW HITPOINT WARNING * * *
You finish putting on your +0 buckler.
You are too injured to fight recklessly!
Found 20 gold pieces.
You hear some strange, mumbled words.
Something tries to affect you, but you resist.
Your transformation has ended.
You turn into a tree.
Your +0 animal skin melds into your body.
Your roots penetrate the ground.
Something hits you but does no damage.
You cannot move.
You cannot move.
You cannot move.
You cannot move.
You cannot move.
You cannot move.
You cannot move.
You cannot move.
Hit: l) +2 mace (protect)
Press: ? - help, Dir - move target You closely miss something.
Something hits you but does no damage.
Hit: l) +2 mace (protect)
Press: ? - help, Dir - move target You miss something.
You hear some strange, mumbled words.
A puff of flame appears from out of thin air!
The puff of flame hits you but does no damage.
Hit: l) +2 mace (protect)
Press: ? - help, Dir - move target You closely miss something.
Something completely misses you.
Hit: l) +2 mace (protect)
Press: ? - help, Dir - move target You miss something.
Something hits you!
You die...

....###...####..#.##.#..
........................
...................)....
..............>...##)#.#
##.###.........#.##†#.#
.. #.....######.##.#.#
#.....# #<##.#.# #$....#
#......# #.♣...#
####.### #.{...# #.#
.......# #.# #.#.....#
#.# #.##...... #.. .
#...#### ### .# #...# #$
.....


There were no monsters in sight!

Vanquished Creatures
  A hound (D:3)
  2 adders (D:2)
  A dart slug (D:3)
  An orc (D:3)
  4 endoplasms
  2 giant cockroaches (D:2)
  A goblin (D:1)
  5 hobgoblins
  4 quokkas
  A ball python (D:2)
  2 bats (D:1)
  5 frilled lizards
  8 kobolds
  2 rats (D:2)
39 creatures vanquished.

Notes
Turn   | Place    | Note
-------+----------+-------------------------------------------
     0 | D:1      | smashvw the Djinni Shapeshifter began the quest for the
                  | Orb.
     0 | D:1      | Reached XP level 1. HP: 17/17 MP: 0/0
   389 | D:1      | Reached skill level 3 in Shapeshifting
   398 | D:1      | Reached XP level 2. HP: 9/22 MP: 0/0
  1309 | D:2      | Reached XP level 3. HP: 27/27 MP: 0/0
  1309 | D:2      | Learned a level 1 spell: Freeze
  2028 | D:3      | Reached skill level 4 in Shapeshifting
  2028 | D:3      | Reached XP level 4. HP: 27/32 MP: 0/0
  2275 | D:3      | Noticed Sigmund
  2292 | D:3      | Slain by Sigmund

Illustrated notes

Levels and vault maps discovered:
D:1:      reono_arrival_mine, layout_loops_corners
D:2:      layout_loops_ring, basic_altar, minmay_pentomino_p4
D:3:      layout_loops_cross, minitemple, st_stairs_4, minmay_pentomino_pile,
          uniq_sigmund

Skill      XL: |  1  2  3 |
---------------+----------+-----
Shapeshifting  | 3 4 |  4.4
Fighting       | |  1.0
Dodging        | |  2.1
Unarmed Combat | |  3.0

Action                     |  1- 3 |  4- 6 || total
---------------------------+-------+-------++-------
  Melee: War axe           |    52 |       ||    52
         Unarmed           |     9 |       ||     9
         Mace              |    47 |    35 ||    82
    Use: Potion            |       |     1 ||     1
   Stab: Sleeping          |     2 |       ||     2
 Armour: Animal skin       |    53 |    28 ||    81
         Chain mail        |    15 |       ||    15
         Skin              |     4 |     4 ||     8
  Dodge: Dodged            |    82 |    25 ||   107
  Block: Buckler           |     6 |    10 ||    16

Table legend: (Time is in decaauts)
 A = Elapsed time spent in this place.
 B = Non-inter-level travel time spent in this place.
 C = Inter-level travel time spent in this place.
 D = Time resting spent in this place.
 E = Time spent auto-exploring this place.
 F = Levels seen in this place.
 G = Mean time per level.
                   A        B        C        D        E       F      G
               +--------+--------+--------+--------+--------+-----+--------+
         Total |   2352 |   2299 |     53 |      0 |   1896 |   3 |  784.0 |
       Dungeon |   2352 |   2299 |     53 |      0 |   1896 |   3 |  784.0 |
               +--------+--------+--------+--------+--------+-----+--------+

Top non-repeatable levels by time:
     D:1: 1137 daAuts
     D:2: 904 daAuts
     D:3: 309 daAuts
